 Dungeon Crawl Stone Soup version 0.26.0-20-g3ca415f5b8 (webtiles) character file.

Game seed: 1915463650294457316

5103 melvik the Basher (level 10, -11/90 HPs)
             Began as a Minotaur Berserker on Jan 25, 2021.
             Was a High Priest of Trog.
             Mangled by a death yak (24 damage)
             ... on level 9 of the Dungeon.
             The game lasted 00:53:40 (9870 turns).

melvik the Basher (Minotaur Berserker)              Turns: 9870, Time: 00:53:41

Health: -11/90     AC: 10    Str: 26    XL:     10   Next: 32%
Magic:  9/9        EV: 14    Int:  4    God:    Trog [*****.]
Gold:   430        SH:  0    Dex:  9    Spells: 9/9 levels left

rFire    . . .     SeeInvis .   A - +4 great mace
rCold    . . .     Faith    .   (shield currently unavailable)
rNeg     . . .     Spirit   .   M - +1 ring mail
rPois    .         Reflect  .   (helmet restricted)
rElec    .         Harm     .   (no cloak)
rCorr    .         Rampage  .   k - +1 pair of gloves
Will     .....                  (no boots)
Stlth    ++........             D - amulet of magic regeneration
HPRegen  0.25/turn              (no ring)
MPRegen  0.36/turn              (no ring)

@: berserk cooldown, slowed, very slow
A: retaliatory headbutt, horns 2
a: Renounce Religion, Berserk, Trog's Hand, Brothers in Arms


You were on level 9 of the Dungeon.
You worshipped Trog.
Trog was extremely pleased with you.
You visited 1 branch of the dungeon, and saw 9 of its levels.

You collected 430 gold pieces.

Inventory:

Hand Weapons
 a - a +0 mace
 h - a +0 halberd
 q - a +0 hunting sling
 s - a +1 scythe
 A - a +4 great mace (weapon)
 G - a +0 war axe of electrocution
 Q - a +0 hand crossbow
Missiles
 c - 70 bolts
 g - 274 stones
 w - 33 sling bullets
Armour
 b - a +0 plate armour
 k - a +1 pair of gloves (worn)
 r - a +0 chain mail
 J - a +0 leather armour
 M - a +1 ring mail (worn)
 S - a +0 ring mail
 W - a +0 chain mail
 X - a +1 robe of positive energy
 Y - a +0 ring mail
 Z - a +0 ring mail
Jewellery
 l - an uncursed ring of ice
 x - an uncursed ring of stealth
 D - an amulet of magic regeneration (around neck)
Wands
 o - a wand of disintegration (10)
 E - a wand of acid (11)
 V - a wand of flame (12)
Scrolls
 e - 5 scrolls of remove curse
 i - 10 scrolls of identify
 m - a scroll of magic mapping {unknown}
 n - a scroll of random uselessness {unknown}
 p - a scroll of enchant armour
 v - a scroll of blinking
 y - a scroll of noise {unknown}
 F - a scroll of fog
 K - 2 scrolls of teleportation
 R - a scroll of fear
Potions
 d - 2 potions of might {unknown}
 f - 3 potions of curing
 j - 4 potions of ambrosia
 t - a potion of magic {unknown}
 u - 2 potions of mutation {unknown}
 z - a potion of haste {unknown}
 B - a potion of brilliance {unknown}
 C - a potion of flight
 H - 2 potions of invisibility {unknown}
 L - a potion of heal wounds {unknown}
 N - a potion of berserk rage {unknown}
 T - 2 potions of lignification {unknown}
 U - a potion of degeneration {unknown}


   Skills:
 + Level 8.8 Fighting
 + Level 11.4 Maces & Flails
 + Level 7.8 Armour
 + Level 7.1 Dodging
 + Level 4.7 Stealth


You had 9 spell levels left.
You didn't know any spells.
Your spell library contained the following spells:

 Spells                   Type           Power        Failure   Level
 Corona                   Hex            0%           63%         1
 Ensorcelled Hibernation  Hex/Ice        0%           77%         2
 Confusing Touch          Hex            0%           94%         3
 Dazzling Flash           Conj/Hex       0%           94%         3
 Gell's Gravitas          Tloc           0%           94%         3
 Tukima's Dance           Hex            0%           94%         3
 Petrify                  Tmut/Erth      0%           100%        4
 Metabolic Englaciation   Hex/Ice        0%           100%        5
 Yara's Violent Unravell  Hex/Tmut       0%           100%        5


Dungeon Overview and Level Annotations

Branches:
Dungeon (9/15)
 Temple: D:4-7         Lair: D:8-11         Orc: D:9-12

Altars:
Ashenzari
Elyvilon
Makhleb
Qazlal
Vehumet


Innate Abilities, Weirdness & Mutations

You reflexively headbutt those who attack you in melee.
You have a pair of horns on your head.


Message History

A death yak comes into view.
The death yak gores you!
You sock the death yak!
The death yak is heavily wounded.
The death yak gores you!!
* * * LOW HITPOINT WARNING * * *
You feel a strong urge to attack something.
You are no longer berserk.
Trog's vigour flows through your veins.
You are exhausted.
You feel yourself slow down.
The death yak gores you but does no damage.
You see here a leopard gecko corpse.
The death yak barely misses you.
Things that are here:
a +0 hand axe; an orc skeleton The death yak gores you!
* * * LOW HITPOINT WARNING * * *
The death yak gores you!!
You die...

#.........#
#.........######
#..............# ..#
#.....#.#.#.#..# #..
####.........).####...# #
#..#.#.#.#..).##.#.# .#
##........).#รท)#.#.###.#
#.#.#.#.#Y.##)#.#..#..##
#.......@Y.YYY....<....#
..#.#.#.#.###..........#
.........# #..........#
.......### #.....)....##
.##.### #..YY........ #.
#...........# #
#............
#...#..>..##..#
..........# ..


You could see 3 death yaks and 2 yaks.

Vanquished Creatures
  Erolcha (D:9)
  A two-headed ogre (D:8)
  Grinder (D:5)
  Sigmund (D:2)
  A wyvern (D:8)
  Eustachio (D:4)
  A yak (D:9)
  2 water moccasins
  Duvessa (D:7)
  An ice beast (D:8)
  An orc warrior (D:8)
  A sky beast (D:9)
  4 ogres
  2 phantoms
  A centaur (D:9)
  A big kobold (D:6)
  2 bullfrogs (D:8)
  A wyvern skeleton (D:7)
  A scorpion (D:5)
  Dowan (D:7)
  4 killer bees (D:8)
  2 howler monkeys
  A crimson imp (D:6)
  A bullfrog zombie (D:7)
  A quasit (D:9)
  A jelly (D:8)
  2 orc priests
  A bullfrog skeleton (D:5)
  9 hounds
  A centaur skeleton (D:7)
  An iguana (D:3)
  6 orc wizards
  3 worker ants
  A killer bee zombie (D:9)
  A hound zombie (D:8)
  A hound skeleton (D:6)
  A howler monkey zombie (D:5)
  A worker ant zombie (D:5)
  15 adders
  A shadow imp (D:8)
  3 white imps
  3 ufetubi
  2 oozes
  An adder zombie (D:4)
  5 worms
  A dart slug (D:2)
  6 leopard geckos
  29 orcs
  A ball python (D:1)
  9 bats
  8 giant cockroaches
  6 hobgoblins
  17 jackals
  2 quokkas (D:3)
  6 frilled lizards
  10 goblins
  14 kobolds
  A leopard gecko skeleton (D:4)
  10 rats
214 creatures vanquished.

Vanquished Creatures (others)
  9 toadstools (D:7)
9 creatures vanquished.

Grand Total: 223 creatures vanquished

Notes
Turn   | Place    | Note
-------+----------+-------------------------------------------
     0 | D:1      | melvik the Minotaur Berserker began the quest for the Orb.
     0 | D:1      | Reached XP level 1. HP: 19/19 MP: 0/0
   103 | D:1      | Reached XP level 2. HP: 16/27 MP: 1/1
   249 | D:1      | Reached skill level 4 in Maces & Flails
   298 | D:1      | Reached ** piety under Trog
   449 | D:1      | Reached XP level 3. HP: 32/33 MP: 2/2
   920 | D:2      | Noticed Sigmund
   923 | D:2      | Reached XP level 4. HP: 30/40 MP: 3/3
   928 | D:2      | Killed Sigmund
   929 | D:2      | Reached skill level 5 in Maces & Flails
   929 | D:2      | Reached XP level 5. HP: 46/47 MP: 4/4
  1336 | D:2      | Reached skill level 6 in Maces & Flails
  1407 | D:2      | Reached XP level 6. HP: 55/55 MP: 5/5
  2075 | D:3      | Reached *** piety under Trog
  2246 | D:3      | Reached skill level 5 in Fighting
  2247 | D:3      | Found a broken altar of Ashenzari.
  2821 | D:4      | Reached skill level 1 in Stealth
  3181 | D:4      | Noticed Eustachio
  3301 | D:4      | Reached skill level 7 in Maces & Flails
  3301 | D:4      | Reached XP level 7. HP: 30/61 MP: 6/6
  3495 | D:4      | Killed Eustachio
  3698 | D:4      | Reached skill level 5 in Dodging
  4041 | D:5      | Entered Level 5 of the Dungeon
  4042 | D:5      | Noticed a fire elemental
  4044 | D:5      | Found a stormy altar of Qazlal.
  4045 | D:5      | Noticed a water elemental
  4045 | D:5      | Noticed an air elemental
  4183 | D:5      | Noticed Grinder
  4195 | D:5      | Paralysed by Grinder for 3 turns
  4209 | D:5      | Killed Grinder
  4210 | D:5      | Reached skill level 8 in Maces & Flails
  4210 | D:5      | Reached XP level 8. HP: 12/70 MP: 7/7
  4604 | D:5      | Reached **** piety under Trog
  4732 | D:5      | HP: 2/70 [white imp/puff of frost (6)]
  4738 | D:5      | HP: 2/70 [orc (2)]
  6329 | D:6      | Reached skill level 5 in Armour
  6856 | D:6      | Found a radiant altar of Vehumet.
  6857 | D:6      | Found a burning altar of Makhleb.
  7151 | D:7      | Noticed Duvessa
  7151 | D:7      | Noticed Dowan
  7156 | D:7      | Killed Dowan
  7160 | D:7      | Killed Duvessa
  7161 | D:7      | Reached skill level 9 in Maces & Flails
  7301 | D:7      | Reached XP level 9. HP: 78/78 MP: 8/8
  8101 | D:8      | Found a white marble altar of Elyvilon.
  8137 | D:8      | Lost intelligence.
  8577 | D:8      | Reached skill level 10 in Maces & Flails
  8750 | D:8      | Reached ***** piety under Trog
  8775 | D:8      | Noticed a two-headed ogre
  8783 | D:8      | Killed a two-headed ogre
  9552 | D:9      | Noticed Erolcha
  9561 | D:9      | Reached XP level 10. HP: 89/89 MP: 9/9
  9598 | D:9      | Received a gift from Trog
  9850 | D:9      | Noticed a death yak
  9855 | D:9      | Killed Erolcha
  9856 | D:9      | Reached skill level 11 in Maces & Flails
  9857 | D:9      | Noticed a death yak
  9860 | D:9      | Noticed a death yak
  9870 | D:9      | Mangled by a death yak

Illustrated notes

Levels and vault maps discovered:
D:1:      co_arrival_square_in_a_square_in_a_square, layout_loops_ring,
          hangedman_decor_lopped, chequers_serial_rivers_small_b, minmay_cut_off
D:2:      layout_basic, uniq_sigmund
D:3:      layout_rooms, lemuel_doored_altar
D:4:      layout_rooms, grunt_ministairs_1, chequers_garden, uniq_eustachio
D:5:      layout_layer_cave, nicolae_qazlal_style_of_elements, enter_ossuary_1,
          bh_walls_and_bars, uniq_grinder
D:6:      cheibrodos_iron_armory, layout_basic,
          grunt_temple_overflow_lords_of_destruction
D:7:      cheibrodos_fertilizer, layout_basic,
          minmay_temple_entry_statues_pillars, uniq_duvessa
D:8:      layout_basic, elyvilon_altar_5, kennysheep_small_square
D:9:      layout_rooms, kennysheep_mini, dpeg_lair_monsters, serial_glass,
          glass_columns_c, glass_columns_a, uniq_erolcha

Skill      XL: |  1  2  3  4  5  6  7  8  9 10 |
---------------+-------------------------------+-----
Maces & Flails | 4 5 6 7 8 9 10 11 | 11.4
Fighting       | 4 5 6 8 |  8.8
Armour         | 3 4 6 7 |  7.8
Dodging        | 3 4 5 6 7 |  7.1
Stealth        | 1 2 3 4 |  4.7

Action                   |  1- 3 |  4- 6 |  7- 9 | 10-12 || total
-------------------------+-------+-------+-------+-------++-------
Melee: Mace              |    82 |    82 |   331 |    22 ||   517
       Headbutt          |     8 |    21 |    52 |     7 ||    88
       Flail             |       |    34 |       |       ||    34
       Great mace        |       |       |       |    22 ||    22
 Fire: Hunting sling     |     2 |       |       |       ||     2
Invok: Berserk           |     1 |     3 |    11 |     1 ||    16
  Use: Scroll            |     1 |     1 |    10 |       ||    12
       Potion            |       |       |     2 |       ||     2
 Stab: Sleeping          |       |     2 |     9 |       ||    11
       Distracted        |       |       |     1 |       ||     1
Armor: Animal skin       |     1 |       |       |       ||     1
       Leather armour    |    15 |    30 |     3 |       ||    48
       Robe              |       |     4 |     7 |       ||    11
       Ring mail         |       |       |    97 |    34 ||   131
Dodge: Dodged            |    65 |    95 |   237 |    50 ||   447
